 Dungeon Crawl Stone Soup version 0.27-a0-562-g0d39f094a4 (webtiles) character file.

Game seed: 14602305621538508373

4 kae the Ruffian (level 1, 0/18 HPs)
             Began as a Naga Transmuter on Mar 8, 2021.
             Slain by a hobgoblin
             ... wielding a +0 club
              (4 damage)
             ... on level 1 of the Dungeon.
             The game lasted 00:00:09 (242 turns).

kae the Ruffian (Naga Transmuter)                    Turns: 242, Time: 00:00:09

Health: 0/18       AC:  1    Str: 12    XL:     1   Next: 70%
Magic:  2/3        EV:  9    Int: 13    God:
Gold:   26         SH:  0    Dex: 11    Spells: 3/4 levels left

rFire    . . .     SeeInvis +     - Unarmed
rCold    . . .     Faith    .   (no shield)
rNeg     . . .     Spirit   .   a - +0 robe
rPois    +         Reflect  .   (helmet currently unavailable)
rElec    .         Harm     .   (no cloak)
rCorr    .         Rampage  .   (no gloves)
Will     .....                  (no barding)
Stlth    +.........             (no amulet)
HPRegen  0.06/turn              (no ring)
MPRegen  0.08/turn              (no ring)

@: short of breath, appendages (expiring), very slow
A: large, horns 2, see invisible, deformed body, poison resistance, slowness 2,
spit poison 1, naga tail 1, AC +0
a: Spit Poison, End Transformation


You were on level 1 of the Dungeon.
You had grown temporary horns.
You visited 1 branch of the dungeon, and saw 1 of its levels.

You collected 26 gold pieces.

Inventory:

Armour
 a - a +0 robe (worn)
Scrolls
 b - a scroll of magic mapping {unknown}
Potions
 c - a potion of brilliance {unknown}


   Skills:
 + Level 1.1 Fighting
 - Level 1.5 Dodging
 * Level 3.1 Unarmed Combat
 + Level 2.0 Spellcasting
 + Level 2.1 Transmutations


You had 3 spell levels left.
You knew the following spells:

 Your Spells              Type           Power      Damage    Failure   Level
a - Beastly Appendage     Tmut           12%        N/A       11%         1

Your spell library contained the following spells:

 Spells                   Type           Power      Damage    Failure   Level
 Wereblood                Tmut           6%         N/A       16%         2
 Spider Form              Tmut/Pois      2%         N/A       45%         3
 Ice Form                 Ice/Tmut       4%         N/A       86%         4
 Blade Hands              Tmut           3%         N/A       96%         5


Dungeon Overview and Level Annotations

Branches:
Dungeon (1/15)

Altars:


Innate Abilities, Weirdness & Mutations

Your serpentine skin is tough. (AC +0)
You have supernaturally acute eyesight. (SInv)
Armour fits poorly on your strangely shaped body.
Your system is resistant to poisons. (rPois)
You cover ground very slowly.
You can spit poison.
You have a snake-like lower body.
You have a pair of horns on your head.


Message History

You kill the goblin!
Your horns disappear.
Key pressed, stopping explore.
HP restored.
Things that are here:
a +0 dagger; a goblin corpse You now have 24 gold pieces (gained 5).
You now have 26 gold pieces (gained 2).
c - a black potion A goblin comes into view.
It is wielding a +0 dagger.
A goblin is nearby!
A goblin is nearby!
Casting: Beastly Appendage (safe; 11% risk of failure)
Confirm with . or Enter, or press ? or * to list all spells.
You grow a pair of large bovine horns.
The goblin shouts!
Found a spear.
A hobgoblin comes into view. It is wielding a +0 club.
The goblin hits you with a +0 dagger.
The hobgoblin shouts!
You hit the goblin.
You kill the goblin!
A frilled lizard comes into view.
You see here a +0 dagger.
The frilled lizard hisses angrily.
The hobgoblin hits you with a +0 club. The hobgoblin closely misses you.
Press: ? - help, Shift-Dir - straight line, f - hobgoblin
Aim: a hobgoblin, wielding a +0 club The splash of poison hits the hobgoblin.
The hobgoblin is moderately wounded.
Your transformation is almost over.
A bat comes into view.
The frilled lizard bites you. The hobgoblin hits you with a +0 club.
* * * LOW HITPOINT WARNING * * *
You are too injured to fight recklessly!
You are too injured to fight recklessly!
You hit the hobgoblin.
The hobgoblin is severely wounded.
The frilled lizard closely misses you. The hobgoblin hits you with a +0 club.
You die...

... ..# ... .. .. ..
b#.. .# #. .. .###
##.#.# #...#. .. #.
.....##gl#.# #.#.#. ..
#. #...@...# .....
..##.# ####...## #...
#..#.. ♣#♣#♣#♣ #)..####
#.. #..##.##.....#
#......# #..
#...#..♣.♣.♣.♣ #.#.##...
#.
#.#.##.......###...#####
..####.
#.....)♣.♣.♣.♣........#
#......
####.............####.^.
##.. #...♣.♣.♣.♣...# ##
......#


You could see a hobgoblin, a bat and a frilled lizard.

Vanquished Creatures
  2 goblins (D:1)
  A hobgoblin (D:1)
  A rat (D:1)
4 creatures vanquished.

Notes
Turn   | Place    | Note
-------+----------+-------------------------------------------
     0 | D:1      | kae the Naga Transmuter began the quest for the Orb.
     0 | D:1      | Reached XP level 1. HP: 18/18 MP: 3/3
   242 | D:1      | Slain by a hobgoblin

Illustrated notes

Levels and vault maps discovered:
D:1:      nicolae_arrival_washed_ashore, layout_rooms, serial_forest,
          infiniplex_forest_straight_5, infiniplex_forest_straight_5,
          infiniplex_forest_lined_1, infiniplex_forest_lined_room_2,
          infiniplex_forest_lined_2, infiniplex_forest_corner_1,
          infiniplex_forest_end_2, infiniplex_forest_end_2,
          infiniplex_forest_end_3, infiniplex_forest_lined_ring

Action                   || total
-------------------------++-------
Melee: Unarmed           ||     9
       Headbutt          ||     1
 Cast: Beastly Appendage ||     3
 Abil: Spit Poison       ||     1
Dodge: Dodged            ||     5

Table legend: (Time is in decaauts)
 A = Elapsed time spent in this place.
 B = Non-inter-level travel time spent in this place.
 C = Inter-level travel time spent in this place.
 D = Time resting spent in this place.
 E = Time spent auto-exploring this place.
 F = Levels seen in this place.
 G = Mean time per level.
                   A        B        C        D        E       F      G
               +--------+--------+--------+--------+--------+-----+--------+
         Total |    266 |    266 |      0 |      0 |    233 |   1 |  266.0 |
       Dungeon |    266 |    266 |      0 |      0 |    233 |   1 |  266.0 |
               +--------+--------+--------+--------+--------+-----+--------+

Top non-repeatable levels by time:
     D:1: 266 daAuts
